 Dungeon Crawl Stone Soup version 0.31-a0-983-g7b6862f502 (webtiles) character file.

Game seed: 13651057183330861716

1096 lunkers the Martial Artist (level 8, -9/59 HPs)
             Began as a Meteoran Shapeshifter on Nov 3, 2023.
             Mangled by a gnoll sergeant
             ... wielding a +2 heavy spear
              (13 damage)
             ... on level 5 of the Dungeon.
             The game lasted 00:04:29 (2347 turns).

lunkers the Martial Artist (Meteoran Shapeshifter)  Turns: 2347, Time: 00:04:29

Health: -9/59      AC:  6    Str: 15    XL:     8   Next: 87%
Magic:  9/9        EV: 11    Int: 12    God:
Gold:   267        SH:  0    Dex: 16    Spells: 7/7 levels left

rFire   . .          .
                       - Unarmed
rCold   . . .        (no shield)
rNeg    . . .        t - +1 ring mail of the Pirate {Stlth+}
rPois   .            (helmet currently unavailable)
rElec   .            (cloak currently unavailable)
rCorr   .            (gloves currently unavailable)
SInv    +            (boots currently unavailable)
Will    +....        (no amulet)
Stlth   +            i - ring of see invisible
HPRegen 0.29/turn    (no ring)
MPRegen 0.11/turn

%: no passive effects
@: lethally poisoned (-9 -> -17), beast-form, glowing, invisible (but backlit
and visible)
A: beast (slay +4), sense surroundings 1, otherworldly, glowing, explore regen
a: Begin Untransformation


You were on level 5 of the Dungeon.
You were a hulking beast.
You visited 1 branch of the dungeon, and saw 5 of its levels.

You collected 267 gold pieces.

Inventory:

Armour
 a - a +0 animal skin
 h - a +0 scale mail
 o - a +0 helmet
 t - the +1 ring mail of the Pirate (worn) {Stlth+}
   (You found it on level 4 of the Dungeon)

   Stlth+:    It makes you more stealthy.
Jewellery
 i - a ring of see invisible (left hand)
Talismans
 c - a beast talisman
 d - a flux talisman
Scrolls
 f - 3 scrolls of identify {unknown}
 g - 3 scrolls of teleportation {unknown}
 k - a scroll of blinking {unknown}
 m - a scroll of immolation {unknown}
 p - a scroll of enchant weapon {unknown}
 q - a scroll of amnesia {unknown}
 r - 2 scrolls of poison {unknown}
 s - a scroll of butterflies {unknown}
Potions
 b - a potion of lignification
 e - a potion of invisibility
 j - 2 potions of curing {unknown}
 l - a potion of brilliance {unknown}
 n - a potion of berserk rage {unknown}


   Skills:
 - Level 1.1 Fighting
 - Level 2.1 Dodging
 * Level 10.0 Unarmed Combat
 + Level 7.0 Shapeshifting


You had 7 spell levels left.
You didn't know any spells.
Your spell library contained the following spells:

 Spells                   Type           Power      Damage    Failure   Level
 Apportation              Tloc           0%         N/A       54%         1
 Jinxbite                 Hex            0%         N/A       69%         2
 Animate Dead             Necr           0%         N/A       100%        4
 Alistair's Intoxication  Tmut/Pois      0%         N/A       100%        5
 Simulacrum               Ice/Necr       0%         N/A       100%        6
 Haunt                    Necr/Summ      0%         N/A       100%        7
 Ozocubu's Refrigeration  Ice            0%         4d7       100%        7
 Infestation              Necr           0%         N/A       100%        8
 Polar Vortex             Ice            0%         N/A       100%        9


Dungeon Overview and Level Annotations

Branches:
Dungeon (5/15) Zot: 690
 Temple: D:4-7

Altars:
Elyvilon
Fedhas
Kikubaaqudgha
Yredelemnul
Zin

Annotations:
D:3 3 runed translucent doors, Tollund's ghost, amateur GnHs
D:4 3 runed translucent doors, bakla's ghost, novice MeHu


Innate Abilities, Weirdness & Mutations

You are a hulking beast.
Your limbs bulge with bestial killing power. (Slay +4)
You passively map a small area around you.
You are easily found by Zot.
You glow in the dark.
You regain HP and MP as you explore.


Message History

The scorpion barely misses you.
Found 18 gold pieces.
You punch the scorpion!
You kill the scorpion!
You hit the scorpion. You punch the scorpion.
The scorpion is almost dead.
The scorpion stings you.
You closely miss the scorpion.
The scorpion is almost dead.
The scorpion stings you.
You are poisoned.
The scorpion poisons you!
You hit the scorpion but do no damage. You punch the scorpion.
The scorpion is almost dead.
You feel sick.
The gnoll sergeant hits you from afar with a +2 heavy spear!
* * * LOW HITPOINT WARNING * * *
The scorpion closely misses you.
You punch the scorpion!
You kill the scorpion!
You feel sick. The gnoll sergeant misses you.
Your Unarmed Combat skill increases to level 10!
Your Shapeshifting skill increases to level 7!
You feel sick.
The gnoll sergeant hits you from afar with a +3 spear of venom!
* * * LOW HITPOINT WARNING * * *
You are lethally poisoned!
The gnoll hits you from afar with a +0 halberd.
* * * LOW HITPOINT WARNING * * *
You see here a scorpion corpse.
Okay, then.
* * * LOW HITPOINT WARNING * * *
You feel very sick. The gnoll sergeant misses you.
It was a potion of invisibility.
You become transparent, but the glow from your body prevents you from becoming completely invisible.
* * * LOW HITPOINT WARNING * * *
You feel sick.
The gnoll sergeant hits you from afar with a +2 heavy spear!
You die...

#.# * ,....P * ..# ..
.... * * * #.#* #.#
####g.# ..# #.###..ggg#
.#####.##..##g.# * *###*
..............# ...$ *
#.............# ,.....
.............g####......
,
###..........gg†h.......
,
##......(....g###.......
...##...................
,
......#)..###.####.>....
..........# #... ,......
#.#...#.#.#*##### ......
....#.#.#..#** ..... ,
...##...##... ..... ##.
..... ####,


You could see 2 gnoll sergeants and 2 gnolls.

Vanquished Creatures
  A black bear (D:5)
  An ogre (D:4)
  A centaur (D:5)
  A phantom (D:4)
  4 scorpions
  2 vampire bats (D:3)
  A hound (D:5)
  2 orc priests (D:3)
  2 jellies (D:4)
  A sleepcap (D:4)
  Jessica (D:2)
  3 orc wizards
  A gnoll (D:4)
  5 adders
  2 ufetubi (D:4)
  2 adder zombies (D:3)
  3 dart slugs
  18 orcs
  4 ball pythons
  4 bat skeletons (D:3)
  6 endoplasms
  4 giant cockroaches
  9 goblins
  8 hobgoblins
  3 quokkas
  8 bats
  2 frilled lizards (D:2)
  5 kobolds
  4 rats
108 creatures vanquished.

Notes
Turn   | Place    | Note
-------+----------+-------------------------------------------
     0 | D:1      | lunkers the Meteoran Shapeshifter began the quest for the
                  | Orb.
     0 | D:1      | Reached XP level 1. HP: 16/16 MP: 2/2
   106 | D:1      | Reached XP level 2. HP: 23/23 MP: 3/3
   120 | D:1      | Reached skill level 4 in Unarmed Combat
   362 | D:1      | Reached XP level 3. HP: 25/28 MP: 4/4
   463 | D:2      | Found a white marble altar of Elyvilon.
   464 | D:2      | Noticed Jessica
   473 | D:2      | Killed Jessica
   474 | D:2      | Reached skill level 5 in Unarmed Combat
   474 | D:2      | Reached XP level 4. HP: 31/35 MP: 5/5
   698 | D:2      | Reached XP level 5. HP: 37/40 MP: 6/6
   871 | D:3      | Reached skill level 6 in Unarmed Combat
   878 | D:3      | Found a blossoming altar of Fedhas.
   975 | D:3      | Reached XP level 6. HP: 43/47 MP: 7/7
  1138 | D:3      | Reached skill level 5 in Shapeshifting
  1195 | D:3      | Found a faded altar of an unknown god.
  1322 | D:3      | Found an ancient bone altar of Kikubaaqudgha.
  1329 | D:3      | Reached skill level 7 in Unarmed Combat
  1335 | D:3      | Reached XP level 7. HP: 52/52 MP: 8/8
  1389 | D:3      | Found a runed translucent gate.
  1390 | D:3      | Found a runed translucent gate.
  1390 | D:3      | Noticed Tollund's ghost (amateur GnHs)
  1391 | D:3      | Found a runed translucent gate.
  1393 | D:3      | Found a basalt altar of Yredelemnul.
  1487 | D:4      | Found a glowing silver altar of Zin.
  1555 | D:4      | Reached skill level 8 in Unarmed Combat
  1719 | D:4      | Found a runed translucent gate.
  1720 | D:4      | Found a runed translucent gate.
  1721 | D:4      | Found a runed translucent gate.
  1723 | D:4      | Noticed bakla's ghost (novice MeHu)
  1899 | D:4      | Reached XP level 8. HP: 57/59 MP: 9/9
  2006 | D:4      | Identified the +1 ring mail of the Pirate {Stlth+}
  2260 | D:5      | Entered Level 5 of the Dungeon
  2270 | D:5      | Reached skill level 9 in Unarmed Combat
  2345 | D:5      | Reached skill level 10 in Unarmed Combat
  2347 | D:5      | Mangled by a gnoll sergeant

Illustrated notes

Levels and vault maps discovered:
D:1:      dpeg_arrival_oval, layout_basic
D:2:      minmay_alternating_diamond, layout_loops_ring, basic_altar,
          uniq_jessica
D:3:      layout_loops_cross, kennysheep_vampire_church,
          mainiacjoe_overflow_surrounded_room, nicolae_yredelemnul_ghost_church,
          ebering_ecumenical_altar_box, uniq_sigmund, uniq_crazy_yiuf_cottage
D:4:      layout_basic, amcnicky_altar_gilded, gammafunk_ghost_split,
          minmay_puff
D:5:      layout_rooms, chequers_temple_overflow_statue_of_worship,
          nicolae_grassy_gnolls

Skill      XL: |  1  2  3  4  5  6  7  8 |
---------------+-------------------------+-----
Unarmed Combat | 4 5 6 7 8 10 | 10.0
Shapeshifting  | 4 5 6 7 |  7.0
Fighting       | |  1.1
Dodging        | |  2.1

Action                     |  1- 3 |  4- 6 |  7- 9 || total
---------------------------+-------+-------+-------++-------
  Melee: Unarmed           |    56 |   154 |    96 ||   306
         Punch             |     1 |     3 |    11 ||    15
    Use: Potion            |       |       |     1 ||     1
 Armour: Animal skin       |    13 |       |       ||    13
         Scale mail        |    12 |   120 |    30 ||   162
         Ring mail         |       |       |    31 ||    31
  Dodge: Dodged            |    36 |    72 |    61 ||   169

Table legend: (Time is in decaauts)
 A = Elapsed time spent in this place.
 B = Non-inter-level travel time spent in this place.
 C = Inter-level travel time spent in this place.
 D = Time resting spent in this place.
 E = Time spent auto-exploring this place.
 F = Levels seen in this place.
 G = Mean time per level.
                   A        B        C        D        E       F      G
               +--------+--------+--------+--------+--------+-----+--------+
         Total |   2308 |   2219 |     89 |      0 |   1549 |   5 |  461.6 |
       Dungeon |   2308 |   2219 |     89 |      0 |   1549 |   5 |  461.6 |
               +--------+--------+--------+--------+--------+-----+--------+

Top non-repeatable levels by time:
     D:4: 764 daAuts
     D:3: 643 daAuts
     D:1: 434 daAuts
     D:2: 385 daAuts
     D:5: 81 daAuts
